 Dungeon Crawl Stone Soup version 0.25-a0-482-g9b3b753f3f (webtiles) character file.

Game seed: 7060227524192574080, levelgen mode: deterministic

342 Emblim88 the Chopper (level 6, 0/84 HPs)
             Began as a Hill Orc Monk on Feb 10, 2020.
             Shot with an arrow by a centaur (7 damage)
             ... on level 5 of the Dungeon.
             The game lasted 00:06:03 (2601 turns).

Emblim88 the Chopper (Hill Orc Monk)                Turns: 2601, Time: 00:06:04

Health: 0/84       AC:  8    Str: 21    XL:     6   Next: 57%
Magic:  6/6        EV: 11    Int: 10    God:
Gold:   134        SH:  0    Dex: 13    Spells: 5/5 levels left

rFire    . . .     SeeInvis .   a - +0 hand axe
rCold    . . .     Gourm    .   (no shield)
rNeg     . . .     Faith    .   p - +0 scale mail
rPois    .         Spirit   .   d - +0 helmet
rElec    .         Reflect  .   (no cloak)
rCorr    .         Harm     .   (no gloves)
MR       .....                  (no boots)
Stlth    ..........             (no amulet)
HPRegen  0.24/turn              (no ring)
MPRegen  0.10/turn              (no ring)

@: berserking, very quick
A: no striking features
a: no special abilities


You were on level 5 of the Dungeon.
You were not hungry.

You visited 1 branch of the dungeon, and saw 4 of its levels.

You collected 134 gold pieces.

Inventory:

Hand Weapons
 a - a +0 hand axe (weapon)
Missiles
 j - 183 stones (quivered)
Armour
 b - a +0 robe
 d - a +0 helmet (worn)
 p - a +0 scale mail (worn)
Scrolls
 e - a scroll of immolation {unknown}
 g - a scroll of enchant armour {unknown}
 h - a scroll of random uselessness {unknown}
 i - a scroll of fog {unknown}
 l - 2 scrolls of remove curse
 m - 4 scrolls of identify {unknown}
 s - a scroll of magic mapping
 w - a scroll of fear
Potions
 n - a potion of magic
 r - a potion of might
 u - a potion of invisibility {unknown}
Comestibles
 c - 4 rations


   Skills:
 + Level 5.3 Fighting
 + Level 5.8 Axes
 + Level 3.2 Armour
 + Level 3.6 Dodging
 - Level 1.5 Stealth


You had 5 spell levels left.
You didn't know any spells.
Your spell library contained the following spells:

 Spells                   Type           Power        Failure   Level  Hunger
 Magic Dart               Conj           #...         71%         1    ##.....
 Searing Ray              Conj           #.....       83%         2    ###....
 Dazzling Flash           Conj/Hex       #.....       97%         3    ####...
 Fulminant Prism          Conj/Hex       #.........   100%        4    #####..
 Iskenderun's Mystic Bla  Conj/Tloc      #.......     100%        4    #####..


Dungeon Overview and Level Annotations

Branches:
Dungeon (3/15)

Altars:


Message History

The centaur wields a +0 shortbow.
The centaur shoots an arrow.
The arrow hits you.
You see here an arrow.
The centaur shoots an arrow.
The arrow hits you but does no damage.
You see here an arrow.
The centaur shoots an arrow.
The arrow hits you!
The centaur shoots an arrow.
The arrow barely misses you.
You see here 2 arrows.
The centaur shoots an arrow.
The arrow hits you!
* * * LOW HITPOINT WARNING * * *
You see here an arrow.
Found a runed leather armour.
Found a stone staircase leading down.
It was a potion of cancellation.
You feel magically purged.
The centaur shoots an arrow.
The arrow barely misses you.
It was a potion of berserk rage.
A red film seems to cover your vision as you go berserk!
You feel yourself moving faster!
You feel mighty!
The centaur shoots an arrow.
The arrow hits you!
You die...

#> .# #. .# #.
.######### #.#.
.......# # ...
#.##.#.# .##
#.###.##.#.##...
[..####.#.c..........
#......@.#..#....#
######.###..#....##
#.(.(((>c)...#
######.#..#..#
#.........#..##.#
#)####........c.#
###.##########.####
#.>)..# #.# #.....#
#.#


You could see a centaur.

Vanquished Creatures
  A sky beast (D:3)
  A jelly (D:5)
  An orc priest (D:5)
  A hound (D:5)
  2 orc wizards (D:5)
  Jessica (D:2)
  2 adders
  A worm (D:3)
  3 dart slugs
  A leopard gecko (D:3)
  7 orcs
  7 bats
  8 hobgoblins
  6 kobolds
  A quokka (D:3)
  2 frilled lizards
  6 goblins
  5 rats
56 creatures vanquished.

Notes
Turn   | Place    | Note
-------+----------+-------------------------------------------
     0 | D:1      | Emblim88 the Hill Orc Monk began the quest for the Orb.
     0 | D:1      | Reached XP level 1. HP: 19/19 MP: 1/1
   209 | D:1      | Reached XP level 2. HP: 26/27 MP: 2/2
   711 | D:2      | Reached skill level 1 in Armour
   735 | D:2      | Noticed Jessica
   740 | D:2      | Reached XP level 3. HP: 29/33 MP: 3/3
   763 | D:2      | Killed Jessica
   763 | D:2      | Reached XP level 4. HP: 9/40 MP: 4/4
  1660 | D:3      | Noticed a sky beast
  1686 | D:3      | Killed a sky beast
  1686 | D:3      | Reached skill level 5 in Axes
  1686 | D:3      | Reached XP level 5. HP: 11/47 MP: 5/5
  2254 | D:3      | You fall into a shaft and drop 2 floors!
  2254 | D:5      | Entered Level 5 of the Dungeon
  2319 | D:5      | Reached skill level 5 in Fighting
  2319 | D:5      | Reached XP level 6. HP: 25/56 MP: 6/6
  2601 | D:5      | Shot with an arrow by a centaur

Levels and vault maps discovered:
D:1:      shiori_angband_town, layout_basic
D:2:      layout_rooms, first_ration, uniq_jessica
D:3:      layout_loops_ring
D:5:      layout_loops_cross, grunt_temple_overflow_champion_of_chaos,
          kennysheep_little_box, trog_eyes_of_draining,
          minmay_temple_entry_statues_fountains, hellmonk_ghost_happy_afterlife,
          serial_shops, shop, grunt_decor_arrowhead

Skill      XL: |  1  2  3  4  5  6 |
---------------+-------------------+-----
Armour         | 1 2 3 |  3.2
Fighting       | 4 5 |  5.3
Dodging        | 3 |  3.6
Axes           | 5 |  5.8
Stealth        | |  1.5

Action                   |  1- 3 |  4- 6 || total
-------------------------+-------+-------++-------
Melee: Hand axe          |    80 |   172 ||   252
  Use: Scroll            |     3 |       ||     3
       Potion            |       |     7 ||     7
 Stab: Sleeping          |     3 |       ||     3
  Eat: Chunk             |       |     2 ||     2
       Ration            |       |     1 ||     1
Armor: Robe              |     4 |       ||     4
       Ring mail         |    11 |       ||    11
       Scale mail        |    14 |    90 ||   104
Dodge: Dodged            |    51 |    87 ||   138

Table legend:
 A = Non-vault XP
 B = Vault XP
 C = Vault XP percentage of total XP
 D = Non-vault monster count
 E = Vault monster count
 F = Vault count percentage of total count
                 A         B        C        D         E       F
            +---------+---------+-------+---------+---------+-------
      Total |     452 |      37 |   7.6 |      55 |       1 |   1.8
            +---------+---------+-------+---------+---------+-------
        D:1 |      22 |       0 |   0.0 |      13 |       0 |   0.0
        D:2 |      33 |      37 |  52.9 |      12 |       1 |   7.7
        D:3 |     168 |       0 |   0.0 |      20 |       0 |   0.0
        D:5 |     229 |       0 |   0.0 |      10 |       0 |   0.0
            +---------+---------+-------+---------+---------+-------
